 Dungeon Crawl Stone Soup version 0.31.0-32-g396128a36d (webtiles) character file.

Game seed: 17692738906421707841

614 Gabide the Magician (level 7, -1/51 HPs)
             Began as a Gnoll Hedge Wizard on Apr 13, 2024.
             Was an Initiate of Sif Muna.
             Slain by an ice beast (10 damage)
             ... on level 4 of the Dungeon.
             The game lasted 00:14:39 (6228 turns).

Gabide the Magician (Gnoll Hedge Wizard)            Turns: 6228, Time: 00:14:39

Health: -1/51      AC:  3    Str:  9    XL:     7   Next: 44%
Magic:  17/18      EV: 13    Int: 15    God:    Sif Muna [......]
Gold:   197        SH:  0    Dex: 12    Spells: 13/21 levels left

rFire   . . .        a - +2 dagger (protect)
rCold   . . .        (no shield)
rNeg    . . .        g - +0 robe {Will+}
rPois   +            c - +0 hat
rElec   .            (no cloak)
rCorr   .            (no gloves)
SInv    .            m - +0 pair of boots
Will    +....        (no amulet)
Stlth   +++          j - ring of poison resistance
HPRegen 0.28/turn    (no ring)
MPRegen 0.16/turn

%: no passive effects
@: no status effects
A: fangs 1, strong nose, distributed training
a: Renounce Religion


You were on level 4 of the Dungeon.
You worshipped Sif Muna.
Sif Muna was noncommittal.
You visited 1 branch of the dungeon, and saw 5 of its levels.

You collected 197 gold pieces.

Inventory:

Hand Weapons
 a - a +2 dagger of protection (weapon)
 b - a +0 spear
 v - a +0 whip
Armour
 c - a +0 hat (worn)
 g - a +0 robe of willpower (worn)
 l - a +0 buckler
 m - a +0 pair of boots (worn)
Jewellery
 j - a ring of poison resistance (left hand)
Wands
 o - a wand of light (8)
Scrolls
 f - a scroll of butterflies
 h - 3 scrolls of teleportation
 k - a scroll of fog
 p - a scroll of noise {unknown}
Potions
 d - a potion of cancellation {unknown}
 e - a potion of ambrosia {unknown}
 i - 2 potions of might
 n - a potion of magic
 q - 2 potions of enlightenment
 r - 2 potions of haste {unknown}
 s - 2 potions of heal wounds {unknown}
 u - a potion of curing
 x - a potion of attraction {unknown}


   Skills:
 + Level 2.6 Fighting
 + Level 2.6 Short Blades
 + Level 2.6 Long Blades
 + Level 2.6 Axes
 + Level 2.6 Maces & Flails
 + Level 2.6 Polearms
 + Level 2.6 Staves
 + Level 2.6 Ranged Weapons
 + Level 2.6 Throwing
 + Level 2.6 Armour
 + Level 5.3 Dodging
 + Level 5.0 Stealth
 + Level 2.6 Shields
 + Level 2.6 Unarmed Combat
 + Level 7.6 Spellcasting
 + Level 3.0 Conjurations
 + Level 2.1 Hexes
 + Level 3.0 Summonings
 + Level 2.1 Necromancy
 + Level 3.0 Translocations
 + Level 2.1 Fire Magic
 + Level 2.1 Ice Magic
 + Level 2.1 Air Magic
 + Level 2.1 Earth Magic
 + Level 2.1 Alchemy
 + Level 2.9 Invocations
 + Level 2.6 Evocations
 + Level 2.3 Shapeshifting


You had 13 spell levels left.
You knew the following spells:

 Your Spells              Type           Power      Damage    Failure   Level
a - Magic Dart            Conj           56%        1d5       3%          1
b - Call Imp              Summ           28%        N/A       5%          2
c - Blink                 Tloc           28%        N/A       5%          2
d - Cigotuvi's Dreadful   Necr/Alch/Air  24%        N/A       8%          2
e - Slow                  Hex            48%        N/A       5%          1

Your spell library contained the following spells:

 Spells                   Type           Power      Damage    Failure   Level
 Volatile Blastmotes      Fire/Tloc      26%        2d12      13%         3
 Mephitic Cloud           Conj/Alch/Air  13%        N/A       14%         3
 Iskenderun's Mystic Bla  Conj/Tloc      14%        2d5       34%         4
 Fulminant Prism          Conj/Alch      6%         3d7       38%         4
 Ignite Poison            Fire/Alch      12%        N/A       45%         4
 Freezing Cloud           Conj/Ice/Air   6%         6-21      77%         5


Dungeon Overview and Level Annotations

Branches:
Dungeon (5/15)
 Temple: D:4-7

Altars:
Cheibriados
Dithmenos
Elyvilon
Fedhas
Sif Muna
Vehumet
Wu Jian
Yredelemnul

Shops:
D:2 *   D:4 !   D:5 :

Annotations:
D:4 Pikel


Innate Abilities, Weirdness & Mutations

You have very sharp teeth.
Your uncanny sense of smell can sniff out nearby items.
Your experience applies equally to all skills.


Message History

HP restored.
Done exploring.
You climb downwards.
The ice beast misses you. The ice beast hits you. The ice beast freezes you!
There is a stone staircase leading up here.
The ice beast completely misses you. The kobold barely misses you.
You climb upwards.
Level annotation: Pikel
There is a stone staircase leading down here.
Casting: Call Imp (safe; 5% risk of failure)
Confirm with . or Enter, or press ? or * to list all spells.
You don't know that spell.
Casting: Call Imp (safe; 5% risk of failure)
Confirm with . or Enter, or press ? or * to list all spells.
A tiny devil pulls itself out of the air.
Your cerulean imp says, "I'm here!"
The kobold completely misses you. The ice beast closely misses you.
The kobold hits you with a +1 short sword of speed.
Press: ? - help, v - describe, . - travel
Here: a kobold, wielding a +1 short sword of speed and quivering stones (ally target)
The floor.
Unknown command.
The kobold barely misses you. The ice beast barely misses you.
Your cerulean imp hits the kobold but does no damage.
The kobold throws a stone.
The stone misses you. The ice beast hits you. The ice beast freezes you!
Your cerulean imp hits the kobold from afar with a -3 spear.
Your cerulean imp misses the kobold.
Your cerulean imp barely misses the kobold.
The ice beast attacks as it pursues you!
The ice beast hits you but does no damage.
Your cerulean imp hits the kobold but does no damage.
The ice beast attacks as it pursues you!
The ice beast hits you. The ice beast freezes you!
* * * LOW HITPOINT WARNING * * *
There is a stone staircase leading up here.
The ice beast hits you.
* * * LOW HITPOINT WARNING * * *
The ice beast freezes you!
You die...

#.........# #.##.
#.#######.# #.##. #.#
#.###.##.
#.#######........
#.##..........##.
#.##.###########.
###.##.# #. #...##.# #.
### ###.@.##.# #.
#.###########<..YK...# ##
.#...................#
#.###......<.....5...####
#.# #.#########....#....#
#.# #.# #....####.# #.#
#.# ##...# #.# #.# #.#
##...## #.# #.# #.#
##.....###.#


You could see an ice beast, a kobold (ally target) and a friendly cerulean imp
(summoned).

Vanquished Creatures
  Grinder (D:3)
  A scorpion (D:5)
  A howler monkey (D:4)
  A bombardier beetle (D:5)
  A hound (D:4)
  Jessica (D:2)
  4 gnolls (D:3)
  5 adders
  11 ball pythons
  2 endoplasms
  3 giant cockroaches
  4 goblins
  4 hobgoblins
  2 quokkas (D:1)
  7 bats
  3 frilled lizards
  6 kobolds
  A rat (D:3)
58 creatures vanquished.

Vanquished Creatures (collateral kills)
  The ghost of Exe the Chopper, a weakling DsBe of Trog (D:3)
  An iguana (D:5)
  Terence (D:3)
  A ribbon worm (D:2)
  2 ball pythons (D:1)
  2 bats (D:1)
  An endoplasm (D:1)
  2 frilled lizards (D:1)
  A rat (D:1)
12 creatures vanquished.

Grand Total: 70 creatures vanquished

Notes
Turn   | Place    | Note
-------+----------+-------------------------------------------
     0 | D:1      | Gabide the Gnoll Hedge Wizard began the quest for the Orb.
     0 | D:1      | Reached XP level 1. HP: 13/13 MP: 8/8
   261 | D:1      | Reached XP level 2. HP: 15/19 MP: 5/10
   507 | D:1      | Learned a level 2 spell: Call Imp
   510 | D:1      | Learned a level 2 spell: Blink
   954 | D:1      | Found a faded altar of an unknown god.
  1113 | D:1      | Reached XP level 3. HP: 25/25 MP: 8/11
  1646 | D:2      | Reached skill level 1 in Invocations
  1701 | D:2      | Found Zophua's General Store.
  1742 | D:2      | Reached skill level 1 in Fighting
  1742 | D:2      | Reached skill level 1 in Short Blades
  1742 | D:2      | Reached skill level 1 in Long Blades
  1742 | D:2      | Reached skill level 1 in Axes
  1742 | D:2      | Reached skill level 1 in Maces & Flails
  1742 | D:2      | Reached skill level 1 in Polearms
  1742 | D:2      | Reached skill level 1 in Staves
  1742 | D:2      | Reached skill level 1 in Ranged Weapons
  1742 | D:2      | Reached skill level 1 in Throwing
  1742 | D:2      | Reached skill level 1 in Armour
  1742 | D:2      | Reached skill level 1 in Shields
  1742 | D:2      | Reached skill level 1 in Unarmed Combat
  1742 | D:2      | Reached skill level 1 in Evocations
  1952 | D:2      | Reached skill level 1 in Shapeshifting
  1952 | D:2      | Reached XP level 4. HP: 17/32 MP: 3/13
  2150 | D:2      | Noticed Jessica
  2156 | D:2      | Killed Jessica
  2157 | D:2      | Reached skill level 1 in Hexes
  2157 | D:2      | Reached skill level 1 in Necromancy
  2157 | D:2      | Reached skill level 1 in Fire Magic
  2157 | D:2      | Reached skill level 1 in Ice Magic
  2157 | D:2      | Reached skill level 1 in Air Magic
  2157 | D:2      | Reached skill level 1 in Earth Magic
  2157 | D:2      | Reached skill level 1 in Alchemy
  2841 | D:3      | Noticed Grinder
  2883 | D:3      | Paralysed by Grinder for 5 turns
  2952 | D:3      | Paralysed by Grinder for 2 turns
  2963 | D:3      | Killed Grinder
  2964 | D:3      | Reached skill level 5 in Dodging
  2964 | D:3      | Reached XP level 5. HP: 23/38 MP: 4/14
  2964 | D:3      | Reached XP level 6. HP: 27/44 MP: 4/16
  3049 | D:3      | Found a basalt altar of Yredelemnul.
  3192 | D:3      | Learned a level 2 spell: Cigotuvi's Dreadful Rot
  3247 | D:3      | Found a runed translucent door.
  3247 | D:3      | Noticed Exe's ghost (weakling DsBe)
  3561 | D:3      | Found a blossoming altar of Fedhas.
  3561 | D:3      | Noticed Terence
  3591 | D:3      | Killed Terence
  3879 | D:3      | Found a snail-covered altar of Cheibriados.
  4105 | D:3      | Found a white marble altar of Elyvilon.
  4295 | D:3      | Learned a level 1 spell: Slow
  4553 | D:4      | Found an ornate altar of the Wu Jian Council.
  4580 | D:4      | Found a shimmering blue altar of Sif Muna.
  4673 | D:4      | Became a worshipper of Sif Muna the Loreminder
  4991 | D:4      | Reached XP level 7. HP: 39/50 MP: 11/18
  5035 | D:4      | Found a radiant altar of Vehumet.
  5078 | D:4      | Found Doxaoq's Distillery.
  5104 | D:4      | Noticed Pikel
  5261 | D:3      | Killed Exe's ghost
  5569 | D:5      | Entered Level 5 of the Dungeon
  5688 | D:5      | Found Ocliaw's Self-Improvement Boutique.
  5791 | D:5      | Found a shadowy altar of Dithmenos.
  5915 | D:5      | Reached skill level 5 in Stealth
  6228 | D:4      | Slain by an ice beast

Illustrated notes

Levels and vault maps discovered:
D:1:      dpeg_arrival_tiny_b, layout_loops_ring,
          shapermc_ecumenical_altar_flowoftime
D:2:      layout_basic, serial_shops, nicolae_shop_statue_plus,
          minmay_misc_feat_enclosed, hangedman_glass_teeth, uniq_jessica
D:3:      layout_loops_ring, cheibriados_altar_1, old_standard_altar,
          kennysheep_ying_yang, gammafunk_ghost_grave, uniq_terence,
          uniq_grinder
D:4:      layout_loops_ring, pdpol_wu_jian_five_deadly_venoms,
          nicolae_sif_muna_condensation, lemuel_round_altar, serial_shops, shop,
          uniq_pikel
D:5:      layout_rooms, nicolae_dithmenos_the_darkroom, nicolae_shop_self_help

Skill      XL: |  1  2  3  4  5  6  7 |
---------------+----------------------+-----
Conjurations   | 2 3 |  3.0
Summonings     | 2 3 |  3.0
Translocations | 2 3 |  3.0
Invocations    | 1 2 |  2.9
Fighting       | 1 2 |  2.6
Short Blades   | 1 2 |  2.6
Long Blades    | 1 2 |  2.6
Axes           | 1 2 |  2.6
Maces & Flails | 1 2 |  2.6
Polearms       | 1 2 |  2.6
Staves         | 1 2 |  2.6
Ranged Weapons | 1 2 |  2.6
Throwing       | 1 2 |  2.6
Armour         | 1 2 |  2.6
Shields        | 1 2 |  2.6
Unarmed Combat | 1 2 |  2.6
Evocations     | 1 2 |  2.6
Shapeshifting  | 1 2 |  2.3
Hexes          | 1 2 |  2.1
Necromancy     | 1 2 |  2.1
Fire Magic     | 1 2 |  2.1
Ice Magic      | 1 2 |  2.1
Air Magic      | 1 2 |  2.1
Earth Magic    | 1 2 |  2.1
Alchemy        | 1 2 |  2.1
Dodging        | 5 |  5.3
Stealth        | 5 |  5.0
Spellcasting   | |  7.6

Action                     |  1- 3 |  4- 6 |  7- 9 || total
---------------------------+-------+-------+-------++-------
  Melee: Dagger            |       |     9 |       ||     9
         Punch             |       |     1 |       ||     1
   Cast: Magic Dart        |    73 |   134 |    59 ||   266
         Call Imp          |     8 |    15 |    11 ||    34
         Slow              |       |     5 |    11 ||    16
         Cigotuvi's Dreadf |       |     4 |       ||     4
         Blink             |       |     2 |     1 ||     3
    Use: Scroll            |     4 |     3 |     3 ||    10
         Potion            |       |     3 |       ||     3
 Armour: Robe              |     9 |    43 |    36 ||    88
  Dodge: Dodged            |    11 |    36 |    47 ||    94
